 Dungeon Crawl Stone Soup version 0.29.1-15-g9cfb28693d (webtiles) character file.

Game seed: 2803603028527570722

151 protoss039 the Digger (level 5, 37/37 HPs)
             Began as a Demonspawn Earth Elementalist on Mar 29, 2023.
             Was a High Priest of Ignis.
             Got out of the dungeon alive.
             The game lasted 00:05:59 (3590 turns).

protoss039 the Digger (DsEE)                        Turns: 3590, Time: 00:06:00

Health: 37/37      AC:  5    Str:  9    XL:     5   Next: 11%
Magic:  9/9        EV: 12    Int: 18    God:    Ignis [*****.]
Gold:   109        SH:  0    Dex: 16    Spells: 3/9 levels left

rFire   + . .      SeeInvis .   b - +9 mace "Ipoc" {vamp, Dex+3}
rCold   . . .      Faith    .   (no shield)
rNeg    . . .      Spirit   .   i - +2 leather armour {Will+}
rPois   .          Reflect  .   (no helmet)
rElec   .          Harm     .   (no cloak)
rCorr   .          Rampage  .   (no gloves)
Will    +....                   (no boots)
Stlth   ++........              (no amulet)
HPRegen 0.12/turn               (no ring)
MPRegen 0.11/turn               (no ring)

@: no status effects
A: weakness stinger 1
a: Renounce Religion, Fiery Armour, Foxfire Swarm, Rising Flame


You escaped.
You worshipped Ignis.
Ignis was extremely pleased with you.
You visited 1 branch of the dungeon, and saw 4 of its levels.

You collected 109 gold pieces.

Inventory:

Hand Weapons
 a - a +2 dagger of venom
 b - the +9 mace "Ipoc" (weapon) {vamp, Dex+3}
   (You found it on level 2 of the Dungeon)

   It occasionally heals its wielder for a portion of the damage dealt when it
   wounds a living foe.
   Dex:       It affects your dexterity (+3).
Armour
 i - a +2 leather armour of willpower (worn)
Scrolls
 e - a scroll of identify {unknown}
 j - a scroll of enchant armour {unknown}
 k - a scroll of fog {unknown}
 l - a scroll of acquirement {unknown}
 m - a scroll of noise {unknown}
Potions
 c - a potion of resistance {unknown}
 d - 2 potions of might {unknown}
 f - 2 potions of cancellation {unknown}
 g - 2 potions of heal wounds {unknown}
 h - a potion of magic
 n - a potion of berserk rage {unknown}


   Skills:
 + Level 1.3 Fighting
 + Level 1.2 Armour
 - Level 2.1 Dodging
 - Level 2.1 Stealth
 + Level 2.8 Spellcasting
 + Level 2.0 Transmutations
 + Level 3.4 Earth Magic


You had 3 spell levels left.
You knew the following spells:

 Your Spells              Type           Power      Damage    Failure   Level
a - Sandblast             Erth           28%        2d8       5%          1
b - Passwall              Tmut/Erth      10%        N/A       11%         2
c - Stone Arrow           Conj/Erth      16%        3d8       32%         3

Your spell library contained the following spells:

 Spells                   Type           Power      Damage    Failure   Level
 Petrify                  Tmut/Erth      12%        N/A       58%         4


Dungeon Overview and Level Annotations

Branches:
Dungeon (4/15) Zot: 20355
 Temple: D:4-7

Altars:
Makhleb
Ignis


Innate Abilities, Weirdness & Mutations

You have a small tail.


Message History

Aim: a kobold, wielding a +0 club and quivering stones (77% to hit)
The blast of sand hits the kobold.
You kill the kobold!
Unknown command.
Your magical contamination has completely faded away.
There is a stone staircase leading up here.
You climb upwards.
There is a stone staircase leading down here.
(D) Dungeon
Where to? (Enter - D:4 @ (x,y), ? - help)
Okay, then.
(D) Dungeon
Where to? (Enter - D:4 @ (x,y), ? - help)
What level of the Dungeon? (default 1, ? - help) Magic restored.
There is a stone staircase leading up here.
You climb upwards.
There is a stone staircase leading down here.
There is a stone staircase leading up here.
You climb upwards.
There is a stone staircase leading down here.
There is a faded altar of an unknown god here.
Press: ? - help, v - describe, . - travel A faded altar of an unknown god.
You cannot tell which god this altar belongs to.
Convert to them anyway?
Ignis accepts your prayer! Ignis welcomes you!
Unknown command.
Press < or > to pray at altars.
There is a stone staircase leading down here.
You climb downwards.
There is a stone staircase leading up here.
There is a stone staircase leading up here.
You climb upwards.
There is a stone staircase leading down here.
You open the door.
There is an open door here.
There is a staircase leading out of the dungeon here.
Are you sure you want to leave the Dungeon?
This will make you lose the game!
You have escaped!

........#+##......####..##....##.
..#.....#........###.....(.......
.................................
........................##.......
......##....##+#'#'##............
......+....###.#.#.###.....#.##..
......##...##⌠.♣.♣.⌠##..##.#.....
#..........##.......##..##.#.##..
#..##.#....##...@...##.###.#.##..
...........###########.......##..
#..##.#.##.##8..>..8##.###.####..
#..##.#.##.##.......##...........
...##.#.##.##8.⌠_⌠.8##.....####.#
........##.#####⌠#####..........#
...##.####.##########............
...##.####.......####......####..
....................#.........+..


There were no monsters in sight!

Vanquished Creatures
  A gnoll (D:1)
  6 adders
  A worm (D:2)
  2 dart slugs (D:3)
  7 bats
  12 endoplasms
  4 giant cockroaches
  10 goblins
  7 hobgoblins
  6 kobolds
  6 quokkas
  5 ball pythons
  3 frilled lizards
  6 rats
76 creatures vanquished.

Notes
Turn   | Place    | Note
-------+----------+-------------------------------------------
     0 | D:1      | protoss039 the Demonspawn Earth Elementalist began the
                  | quest for the Orb.
     0 | D:1      | Reached XP level 1. HP: 13/13 MP: 3/3
   243 | D:1      | Reached skill level 1 in Transmutations
   254 | D:2      | Gained mutation: You have a small tail. [demonic ancestry]
   254 | D:2      | Reached XP level 2. HP: 17/19 MP: 5/5
   322 | D:2      | Identified the +9 mace "Ipoc" {vamp, Dex+3}
   365 | D:2      | Reached XP level 3. HP: 21/24 MP: 6/6
   419 | D:2      | Reached skill level 3 in Earth Magic
  1061 | D:2      | Reached XP level 4. HP: 31/31 MP: 5/7
  1884 | D:1      | Reached skill level 1 in Fighting
  2209 | D:2      | Learned a level 2 spell: Passwall
  2268 | D:2      | Reached skill level 1 in Armour
  2410 | D:3      | Learned a level 3 spell: Stone Arrow
  2469 | D:3      | Found a burning altar of Makhleb.
  2761 | D:3      | Noticed a water moccasin
  3212 | D:3      | Reached XP level 5. HP: 37/37 MP: 9/9
  3510 | D:1      | Prayed at the altar of an unknown god.
  3510 | D:1      | Became a worshipper of Ignis, the Dying Flame
  3590 | D:$      | Got out of the dungeon alive.

Illustrated notes

Levels and vault maps discovered:
D:1:      spicycebolla_arrival_ecumenical, layout_basic, palyth_stone_intersect
D:2:      layout_loops_corners, minmay_goblin_outpost
D:3:      minmay_diamond_boxcup, layout_loops_corners,
          mainiacjoe_overflow_tiny_flanked, lightli_corner_chamber
D:4:      layout_basic, serial_shops, nicolae_shop_bloodbath_and_beyond, shop,
          kennysheep_mini, nicolae_stop_n_shop_1, uniq_edmund, uniq_sigmund

Skill      XL: |  1  2  3  4 |
---------------+-------------+-----
Transmutations | 1 2 |  2.0
Dodging        | 2 |  2.1
Stealth        | 2 |  2.1
Earth Magic    | 3 |  3.4
Fighting       | 1 |  1.3
Armour         | 1 |  1.2
Spellcasting   | |  2.8

Action                   |  1- 3 |  4- 6 || total
-------------------------+-------+-------++-------
Melee: Unarmed           |    12 |       ||    12
       Mace              |    31 |    32 ||    63
       Tailslap          |     3 |     3 ||     6
       Punch             |       |     1 ||     1
 Cast: Sandblast         |    19 |    38 ||    57
  Use: Potion            |     1 |       ||     1
 Stab: Sleeping          |     4 |     5 ||     9
Armor: Robe              |    11 |       ||    11
       Leather armour    |       |    12 ||    12
Dodge: Dodged            |    31 |    20 ||    51
